 Dungeon Crawl Stone Soup version 0.25-a0-84-g11f2770c52 (webtiles) character file.

Game seed: 11574617765987103047, levelgen mode: deterministic

1017 Goomeeoh the Magician (level 8, -11/68 HPs)
             Began as a Naga Wizard on Nov 7, 2019.
             Mangled by an orc warrior
             ... wielding a cursed -1 hand axe
              (15 damage)
             ... on level 5 of the Dungeon.
             The game lasted 00:27:43 (6957 turns).

Goomeeoh the Magician (Naga Wizard)                 Turns: 6957, Time: 00:27:43

Health: -11/68     AC:  8    Str: 16    XL:     8   Next: 22%
Magic:  6/15       EV:  8    Int: 19    God:
Gold:   316        SH:  4    Dex:  9    Spells: 11/17 levels left

rFire    . . .     SeeInvis +   v - +1 whip (venom)
rCold    + . .     Gourm    .   j - +0 buckler
rNeg     . . .     Faith    .   Q - +1 ring mail {rC+}
rPois    +         Spirit   .   b - +0 hat
rElec    .         Reflect  .   (no cloak)
rCorr    .         Harm     +   F - +0 pair of gloves
MR       +....                  (no barding)
Stlth    +.........             t - amulet of harm (curse)
HPRegen  0.21/turn              x - +4 ring of strength
MPRegen  0.14/turn              A - +2 ring of slaying

@: very slightly contaminated, very slow
A: large, see invisible, deformed body, poison resistance, slowness 2, slow
metabolism 1, spit poison 1, AC +2
a: Spit Poison


You were on level 5 of the Dungeon.
You were not hungry.

You visited 1 branch of the dungeon, and saw 6 of its levels.
You also visited: Ossuary.

You collected 316 gold pieces.

Inventory:

Hand Weapons
 n - a +0 hand axe
 v - a +1 whip of venom (weapon)
 w - a +0 trident
 z - a +2 dagger of venom
 M - a +0 broad axe
Missiles
 i - 9 poisoned darts (quivered)
 G - a javelin
 K - 72 stones
 O - 5 atropa-tipped darts
Armour
 b - a +0 hat (worn)
 j - a +0 buckler (worn)
 D - a +0 chain mail
 F - a +0 pair of gloves (worn)
 Q - a +1 ring mail of cold resistance (worn)
Jewellery
 e - an uncursed ring of flight
 t - a cursed amulet of harm (around neck)
 x - a +4 ring of strength (left hand)
 A - a +2 ring of slaying (right hand)
Wands
 c - a wand of clouds (4)
 J - a wand of random effects (13)
 N - a wand of flame (17)
Scrolls
 f - 3 scrolls of enchant armour {unknown}
 k - 5 scrolls of identify {unknown}
 o - a scroll of amnesia {unknown}
 r - 3 scrolls of fog {unknown}
 s - 4 scrolls of blinking {unknown}
 y - 2 scrolls of immolation {unknown}
 E - a scroll of remove curse {unknown}
 H - a scroll of fear {unknown}
 P - 2 scrolls of enchant weapon {unknown}
Potions
 g - 2 potions of brilliance {unknown}
 h - a potion of resistance {unknown}
 l - 2 potions of agility {unknown}
 m - 2 potions of berserk rage {unknown}
 p - a potion of curing {unknown}
 u - a potion of magic {unknown}
 B - a potion of invisibility {unknown}
 C - a potion of degeneration {unknown}
 I - a potion of mutation {unknown}
 L - 2 potions of ambrosia {unknown}
Comestibles
 a - a chunk of flesh
 d - 12 rations


   Skills:
 * Level 2.9 Fighting
 + Level 0.4 Short Blades
 - Level 0.2 Maces & Flails
 + Level 3.3 Armour
 - Level 1.5 Dodging
 - Level 3.0 Stealth
 * Level 2.7 Shields
 - Level 5.1 Spellcasting
 + Level 3.3 Conjurations
 - Level 3.0 Summonings
   Level 1.0 Translocations
 * Level 0.9 Fire Magic
 + Level 0.3 Evocations


You had 11 spell levels left.
You knew the following spells:

 Your Spells              Type           Power        Failure   Level  Hunger
a - Magic Dart            Conj           ###.         6%          1    None
b - Call Imp              Summ           ###.....     10%         2    #......
c - Conjure Flame         Conj/Fire      ##......     28%         3    ##.....

Your spell library contained the following spells:

 Spells                   Type           Power        Failure   Level  Hunger
 Summon Small Mammal      Summ           ###.         7%          1    None
 Blink                    Tloc           N/A          22%         2    #......
 Slow                     Hex            #.......     34%         2    #......
 Mephitic Cloud           Conj/Pois/Air  #.......     41%         3    ##.....


Dungeon Overview and Level Annotations

Branches:
Dungeon (6/15)            Ossuary (visited)
 Temple: D:4-7

Altars:
Ashenzari
Gozag
Hepliaklqana
Sif Muna
Zin

Shops:
D:4 :

Annotations:
D:2 exclusion: downstairs
D:4 exclusion: downstairs


Innate Abilities, Weirdness & Mutations

You cannot wear boots.
Your serpentine skin is tough. (AC +2)
You have supernaturally acute eyesight. (SInv)
Armour fits poorly on your strangely shaped body.
Your system is resistant to poisons. (rPois)
You cover ground very slowly.
You have a slow metabolism.
You can spit poison.


Message History

The orc warrior hits you with a cursed -1 hand axe!
* * * LOW HITPOINT WARNING * * *
Casting: Magic Dart (safe; 6% risk of failure)
Confirm with . or Enter, or press ? or * to list all spells.
Aiming: Magic Dart (safe; 6% risk of failure)
Press: ? - help, Shift-Dir - straight line, f/p - orc warrior
Aim: an orc warrior, wielding a -1 hand axe and wearing a +0 plate armour (heavily wounded, poisoned)
The magic dart hits the orc warrior but does no damage.
The orc warrior is heavily wounded.
The orc warrior hits you with a cursed -1 hand axe!
* * * LOW HITPOINT WARNING * * *
Casting: Magic Dart (safe; 6% risk of failure)
Confirm with . or Enter, or press ? or * to list all spells.
Aiming: Magic Dart (safe; 6% risk of failure)
Press: ? - help, Shift-Dir - straight line, f/p - orc warrior
Aim: an orc warrior, wielding a -1 hand axe and wearing a +0 plate armour (heavily wounded, poisoned)
The magic dart hits the orc warrior but does no damage.
The orc warrior is heavily wounded.
The orc warrior hits you with a cursed -1 hand axe!
You die...

#.# #.# #.# #.# ####'#######
##..........###############
............#.^...........#
............#.........###.#
....#.#######...@o....# #.#
....#.#...<....)))....# #.#
....#.#.......######.## #.#
....#.#.......'....#.####.#
....#.#.......#.........#.#
....#.#......<#.........#.#
#####'#.......#.........#.#
...)..........#.........#.#
.......#####.#####รท######.#


You could see an orc warrior.

Vanquished Creatures
  2 sky beasts (D:5)
  A scorpion (D:5)
  A crimson imp (D:5)
  A centaur zombie (Ossuary)
  A hound (D:5)
  2 orc priests
  3 orc wizards
  Jessica (D:2)
  Natasha (thrice) (D:3)
  An iguana (D:5)
  Ijyb (D:5)
  3 worker ants
  4 hound zombies (Ossuary)
  4 mummies
  5 adders
  An ooze (D:4)
  3 adder zombies (Ossuary)
  5 worms
  A dart slug (D:3)
  4 leopard geckos
  7 orcs
  6 bats
  4 giant cockroaches
  3 gnoll zombies (Ossuary)
  6 goblins
  A hobgoblin (D:2)
  8 jackals
  A quokka (D:3)
  3 frilled lizards
  A goblin zombie (Ossuary)
  3 hobgoblin zombies (Ossuary)
  5 jackal zombies (Ossuary)
  5 kobolds
  4 kobold zombies (Ossuary)
  3 orc zombies (Ossuary)
  A quokka skeleton (D:5)
  2 quokka zombies (Ossuary)
  8 rats
  7 rat zombies (Ossuary)
125 creatures vanquished.

Vanquished Creatures (collateral kills)
  An ogre (D:5)
1 creature vanquished.

Grand Total: 126 creatures vanquished

Notes
Turn   | Place    | Note
-------+----------+-------------------------------------------
     0 | D:1      | Goomeeoh the Naga Wizard began the quest for the Orb.
     0 | D:1      | Reached XP level 1. HP: 15/15 MP: 4/4
   468 | D:1      | Reached XP level 2. HP: 11/22 MP: 0/6
  1054 | D:1      | Learned a level 2 spell: Call Imp
  1470 | D:2      | Reached skill level 1 in Armour
  1470 | D:2      | Reached XP level 3. HP: 28/28 MP: 4/8
  1571 | D:2      | Noticed Jessica
  1575 | D:2      | Killed Jessica
  1644 | D:2      | Reached XP level 4. HP: 36/36 MP: 6/9
  1967 | D:3      | Noticed a phantom
  2014 | D:3      | Noticed Natasha
  2024 | D:3      | Killed Natasha
  2024 | D:3      | Reached skill level 1 in Shields
  2629 | D:3      | Reached skill level 4 in Spellcasting
  2716 | D:3      | Noticed Natasha
  2719 | D:3      | Killed Natasha
  2719 | D:3      | Reached XP level 5. HP: 42/42 MP: 8/11
  2722 | D:3      | Found an opulent altar of Gozag.
  3567 | D:3      | Noticed Natasha
  3573 | D:3      | Killed Natasha
  3573 | D:3      | Reached XP level 6. HP: 40/49 MP: 7/12
  4025 | D:4      | Found a sand-covered staircase.
  4137 | Ossuary  | Entered an ossuary
  5256 | Ossuary  | Reached XP level 7. HP: 30/56 MP: 1/13
  5481 | D:4      | Found Jegamm's Book Shop.
  5763 | D:4      | Found a hazy altar of Hepliaklqana.
  5763 | D:4      | Found a glowing silver altar of Zin.
  5804 | D:4      | Reached skill level 1 in Fighting
  5911 | D:4      | Found a shimmering blue altar of Sif Muna.
  5989 | D:4      | Identified Sif Muna's Papyrus of Creation
  6197 | D:5      | Entered Level 5 of the Dungeon
  6454 | D:5      | Noticed Ijyb
  6467 | D:5      | Killed Ijyb
  6467 | D:5      | Reached skill level 5 in Spellcasting
  6597 | D:5      | Learned a level 3 spell: Conjure Flame
  6633 | D:5      | Reached XP level 8. HP: 68/68 MP: 13/15
  6732 | D:5      | Found a shattered altar of Ashenzari.
  6957 | D:5      | Mangled by an orc warrior

Levels and vault maps discovered:
D:1:      scummos_arrival_forest, layout_rooms
D:2:      layout_basic, first_ration, uniq_jessica
D:3:      layout_loops_ring, nicolae_gozag_cash_rules_everything_around_me,
          kennysheep_generic_room_16, uniq_natasha
D:4:      layout_loops_ring, gammafunk_temple_overflow_statue,
          gup_ossuary_entry_pyramid, serial_shops, nicolae_shop_waterfront,
          led_sif_book
D:5:      layout_basic, old_standard_altar, uniq_ijyb, uniq_duvessa
D:6:      layout_basic, kennysheep_mini, serial_curves, eino_curves_04,
          eino_curves_04

Skill      XL: |  1  2  3  4  5  6  7  8 |
---------------+-------------------------+-----
Armour         | 1 2 3 |  3.3
Shields        | 1 2 |  2.7
Spellcasting   | 4 5 |  5.1
Conjurations   | 2 3 |  3.3
Summonings     | 2 3 |  3.0
Fighting       | 2 |  2.9
Short Blades   | |  0.4
Maces & Flails | |  0.2
Dodging        | |  1.5
Stealth        | |  3.0
Translocations | |  1.0
Fire Magic     | |  0.9
Evocations     | |  0.3

Action                   |  1- 3 |  4- 6 |  7- 9 || total
-------------------------+-------+-------+-------++-------
Melee: Unarmed           |     4 |       |       ||     4
       Dagger            |     3 |    45 |       ||    48
       Whip              |       |    75 |    27 ||   102
Throw: Javelin           |       |    10 |     1 ||    11
       Dart              |       |       |    14 ||    14
 Cast: Magic Dart        |    49 |   182 |    65 ||   296
       Call Imp          |       |       |     5 ||     5
 Abil: Spit Poison       |     6 |    16 |    14 ||    36
       Evoke Flight      |       |       |     1 ||     1
  Eat: Chunk             |     1 |     8 |     4 ||    13
       Ration            |       |     1 |       ||     1
Armor: Leather armour    |     7 |     3 |       ||    10
       Ring mail         |       |    54 |    30 ||    84
Dodge: Dodged            |    13 |    85 |    21 ||   119
Block: Buckler           |     1 |    34 |    15 ||    50

Table legend:
 A = Non-vault XP
 B = Vault XP
 C = Vault XP percentage of total XP
 D = Non-vault monster count
 E = Vault monster count
 F = Vault count percentage of total count
                 A         B        C        D         E       F
            +---------+---------+-------+---------+---------+-------
      Total |    1012 |     442 |  30.4 |      78 |      48 |  38.1
            +---------+---------+-------+---------+---------+-------
        D:1 |      20 |       0 |   0.0 |      12 |       0 |   0.0
        D:2 |      37 |      37 |  50.0 |      14 |       1 |   6.7
        D:3 |     198 |      43 |  17.8 |      31 |       4 |  11.4
        D:4 |      84 |      98 |  53.8 |       6 |       3 |  33.3
        D:5 |     637 |      33 |   4.9 |      14 |       1 |   6.7
        D:6 |      36 |       0 |   0.0 |       1 |       0 |   0.0
    Ossuary |       0 |     231 | 100.0 |       0 |      39 | 100.0
            +---------+---------+-------+---------+---------+-------
